 Dungeon Crawl Stone Soup version 0.32-a0-35-gd9ff480968 (webtiles) character file.

Game seed: 9877435010409981280

467 IdlyInterested the Slasher (level 6, -1/51 HPs)
             Began as a Demonspawn Fighter on Jan 22, 2024.
             Incinerated by a bombardier beetle (8 damage)
             ... with a burning spray
             ... on level 4 of the Dungeon.
             The game lasted 00:09:14 (3071 turns).

IdlyInterested the Slasher (Demonspawn Fighter)     Turns: 3071, Time: 00:09:14

Health: -1/51      AC: 20    Str: 19    XL:     6   Next: 81%
Magic:  6/6        EV: 12    Int: 10    God:
Gold:   166        SH:  4    Dex: 12    Spells: 5/5 levels left

rFire   . . .        a - +0 long sword
rCold   . . .        c - +0 buckler
rNeg    . . .        m - +6 chain mail "Zamug" {Int+2}
rPois   .            (helmet restricted)
rElec   .            (no cloak)
rCorr   .            (no gloves)
SInv    +            (no boots)
Will    .....        (no amulet) Stlth
                     i - +5 ring of evasion
HPRegen 0.28/turn    r - ring of see invisible
MPRegen 0.10/turn

%: no passive effects
@: on fire, sanguine armoured, glowing
A: antennae 1, ignite blood 1, sanguine armour 1
a: no special abilities


You were on level 4 of the Dungeon.
You visited 2 branches of the dungeon, and saw 6 of its levels.

You collected 166 gold pieces.

Inventory:

Hand Weapons
 a - a +0 long sword (weapon)
 d - a +0 falchion
 e - a +0 short sword
 f - a +0 dagger
Missiles
 g - 40 stones (quivered)
 x - 5 poisoned darts
 A - 3 boomerangs
Armour
 b - a +0 scale mail
 c - a +0 buckler (worn)
 m - the +6 chain mail "Zamug" (worn) {Int+2}
   (You found it on level 2 of the Dungeon)

   Int+2:     It affects your intelligence (+2).
 o - a +0 leather armour of poison resistance
Jewellery
 i - a +5 ring of evasion (left hand)
 r - a ring of see invisible (right hand)
Talismans
 z - the beast talisman of the Nexus {rN+ SInv}
   (You found it on level 4 of the Dungeon)

   [beast talisman]

   rN+:       It protects you from negative energy.
   SInv:      It lets you see invisible.
Scrolls
 h - a scroll of revelation
 k - a scroll of fear {unknown}
 l - 2 scrolls of teleportation
 p - a scroll of brand weapon
 q - a scroll of poison {unknown}
 s - a scroll of noise {unknown}
 t - a scroll of fog {unknown}
 u - a scroll of blinking {unknown}
 v - 2 scrolls of immolation
 w - a scroll of enchant armour {unknown}
 y - a scroll of vulnerability {unknown}
Potions
 j - a potion of degeneration {unknown}
 n - 3 potions of curing


   Skills:
 + Level 5.1 Fighting
 * Level 5.5 Long Blades
 - Level 2.6 Armour
 - Level 2.6 Shields


You had 5 spell levels left.
You didn't know any spells.
Your spell library contained the following spells:

 Spells                   Type           Power      Damage    Failure   Level
 Magic Dart               Conj           0%         1d3       99%         1
 Necrotise                Necr           0%         1d4       99%         1
 Slow                     Hex            0%         N/A       99%         1
 Blink                    Tloc           0%         N/A       99%         2
 Call Imp                 Summ           0%         N/A       99%         2
 Confusing Touch          Hex            0%         N/A       100%        3
 Sigil of Binding         Hex            0%         N/A       100%        3
 Vampiric Draining        Necr           0%         2d6       100%        3
 Martyr's Knell           Necr/Summ      0%         N/A       100%        4
 Curse of Agony           Necr           0%         N/A       100%        5


Dungeon Overview and Level Annotations

Branches:
Dungeon (5/15)             Temple (1/1) D:4

Altars:
Ashenzari
Cheibriados
Dithmenos
Fedhas
Hepliaklqana
Kikubaaqudgha
Okawaru
Qazlal
Sif Muna
Trog

Shops:
D:3 =


Innate Abilities, Weirdness & Mutations

You have a pair of small antennae on your head.
Your demonic aura sometimes causes spilled blood to erupt in flames.
When seriously injured, your blood forms armour. (AC +6)


Message History

You block the phantom's attack.
You barely miss the phantom.
The phantom is almost destroyed.
The phantom closely misses you. The phantom hits you.
The phantom blinks!
You blink.
You closely miss the phantom.
The phantom is almost destroyed.
The phantom hits you but does no damage.
You closely miss the phantom.
The phantom is almost destroyed.
You block the phantom's attack.
The bombardier beetle sprays incendiary fluid at you.
The burning spray hits you.
You are covered in liquid fire!
You closely miss the phantom.
The phantom is almost destroyed.
The liquid fire burns you!
The phantom hits you but does no damage.
You barely miss the phantom.
The phantom is almost destroyed.
The liquid fire burns you!
Your blood congeals into armour.
The ogre hits you with a +0 giant club! The phantom closely misses you.
The bombardier beetle sprays incendiary fluid at you.
The burning spray hits you.
You are even more covered in liquid fire!
The liquid fire burns you!
* * * LOW HITPOINT WARNING * * *
You block the iguana's attack.
The phantom hits you but does no damage.
The ogre closely misses you. The bombardier beetle misses you.
You shake off some of the fire as you move.
You climb upwards.
The liquid fire burns you!
* * * LOW HITPOINT WARNING * * *
There is a stone staircase leading down here.
You hit the phantom but do no damage.
The phantom is almost destroyed.
The liquid fire burns you!
You die...

.# #..'..b....'.#
.###### ####.......#.#
..†...##### #....##.#.#
.####.....# #....##.#.#
.# #####.###....##.#.#
.########...######..#.#
....#b...##...###..##.#
......>...###..BOl###.#
..........+....W@## #.#
#.....b...######## #.#
###.......# #.#
######### #.# #.# #.#
#.# ## #.# .# #.#


You could see an ogre, a phantom, a bombardier beetle and an iguana.

Vanquished Creatures
  2 centaurs
  A scorpion (D:4)
  2 orc wizards
  An iguana (D:4)
  A gnoll (D:1)
  6 adders
  2 dart slugs (D:2)
  2 ribbon worms
  17 orcs
  3 endoplasms
  2 giant cockroaches (D:1)
  10 goblins
  6 hobgoblins
  3 jackals (D:1)
  7 kobolds
  2 quokkas
  9 ball pythons
  4 bats (D:2)
  5 frilled lizards
  3 rats
88 creatures vanquished.

Notes
Turn   | Place    | Note
-------+----------+-------------------------------------------
     0 | D:1      | IdlyInterested the Demonspawn Fighter began the quest for
                  | the Orb.
     0 | D:1      | Reached XP level 1. HP: 18/18 MP: 1/1
   105 | D:1      | Gained mutation: You have a pair of small antennae on your
                  | head. [demonic ancestry]
   105 | D:1      | Reached XP level 2. HP: 24/24 MP: 2/2
   261 | D:1      | Reached XP level 3. HP: 27/29 MP: 3/3
   825 | D:2      | Identified the +6 chain mail "Zamug" {Int+2}
   969 | D:2      | Gained mutation: When seriously injured, your blood forms
                  | armour. (AC +6) [demonic ancestry]
   969 | D:2      | Reached XP level 4. HP: 36/37 MP: 4/4
  1149 | D:2      | Found a shimmering blue altar of Sif Muna.
  1719 | D:3      | Found a faded altar of an unknown god.
  1762 | D:3      | Found Umoo's Jewellery Boutique.
  2091 | D:3      | Gained mutation: Your demonic aura sometimes causes spilled
                  | blood to erupt in flames. [demonic ancestry]
  2091 | D:3      | Reached XP level 5. HP: 42/42 MP: 5/5
  2312 | D:4      | Found a staircase to the Ecumenical Temple.
  2324 | Temple   | Entered the Ecumenical Temple
  2547 | D:4      | Noticed a centaur
  2561 | D:4      | Killed a centaur
  2562 | D:4      | Reached skill level 5 in Long Blades
  2562 | D:4      | Reached XP level 6. HP: 36/49 MP: 6/6
  2695 | D:4      | Identified the beast talisman of the Nexus {rN+ SInv}
  2859 | D:5      | Entered Level 5 of the Dungeon
  2880 | D:5      | Reached skill level 5 in Fighting
  3071 | D:4      | Incinerated by a bombardier beetle

Illustrated notes

Levels and vault maps discovered:
D:1:      reono_arrival_forest_river, layout_basic
D:2:      layout_basic, basic_altar
D:3:      layout_loops_ring, hellmonk_ecumenical_altar_blasted, serial_shops,
          shop
D:4:      layout_basic, lemuel_round_altar, minmay_temple_entry_butterflies
D:5:      layout_rooms, mainiacjoe_overflow_alcove_3,
          mainiacjoe_overflow_six_doors_small, serial_bayou_pond_b,
          st_stairs_10, minmay_manual_monstrance
Temple:   nicolae_temple_ecumenical_triangle

Skill      XL: |  1  2  3  4  5  6 |
---------------+-------------------+-----
Long Blades    | 2 3 4 5 |  5.5
Fighting       | 4 5 |  5.1
Armour         | |  2.6
Shields        | |  2.6

Action                     |  1- 3 |  4- 6 || total
---------------------------+-------+-------++-------
  Melee: Long sword        |   111 |   220 ||   331
  Throw: Stone             |       |     2 ||     2
    Use: Scroll            |     2 |     1 ||     3
         Potion            |       |     2 ||     2
 Armour: Scale mail        |    54 |       ||    54
         Chain mail        |    21 |   179 ||   200
  Dodge: Dodged            |    91 |   183 ||   274
  Block: Buckler           |    31 |    52 ||    83

Table legend: (Time is in decaauts)
 A = Elapsed time spent in this place.
 B = Non-inter-level travel time spent in this place.
 C = Inter-level travel time spent in this place.
 D = Time resting spent in this place.
 E = Time spent auto-exploring this place.
 F = Levels seen in this place.
 G = Mean time per level.
                   A        B        C        D        E       F      G
               +--------+--------+--------+--------+--------+-----+--------+
         Total |   3158 |   3016 |    142 |    341 |   1734 |   6 |  526.3 |
       Dungeon |   3156 |   3014 |    142 |    341 |   1734 |   5 |  631.2 |
        Temple |      1 |      1 |      0 |      0 |      0 |   1 |    1.0 |
               +--------+--------+--------+--------+--------+-----+--------+

Top non-repeatable levels by time:
     D:2: 905 daAuts
     D:1: 737 daAuts
     D:3: 656 daAuts
     D:4: 639 daAuts
     D:5: 218 daAuts
  Temple: 1 daAuts
